 Dungeon Sprint DCSS version 0.21-a0-361-g4efd3f9 (webtiles) character file.

2434 minicreteconcrete the Severer (level 9, -2/138 (142) HPs)
             Began as a Minotaur Berserker on Oct 13, 2017.
             Was a High Priest of Trog.
             Engulfed by a death drake's foul pestilence (4 damage)
             ... in the Dungeon (Sprint II: "The Violet Keep of Menkaure").
             The game lasted 00:06:28 (843 turns).

minicreteconcrete the Severer (Minotaur Berserker)   Turns: 843, Time: 00:06:29

HP:   -2/138 (142)  AC: 15    Str: 28    XL:     9   Next: 24%
MP:   2/2           EV: 13    Int:  4    God:    Trog [*****.]
Gold: 263           SH:  0    Dex: 12    Spells: 8/8 levels left

rFire    + . .     SeeInvis .   a - +0 battleaxe (antimagic)
rCold    . . .     Gourm    .   (shield currently unavailable)
rNeg     . . .     Faith    +   m - +2 chain mail {rF+}
rPois    .         Spirit   .   (helmet restricted)
rElec    .         Reflect  .   (no cloak)
rCorr    .         Harm     .   (no gloves)
MR       .....     NoTele   +   l - +1 pair of boots {Fly}
Stlth    ..........             n - amulet of faith
HPRegen  0.33/turn              (no ring)
MPRegen  0.08/turn              (no ring)

@: berserking, lethally poisoned (-2 -> -80), flying, slowed
A: retaliatory headbutt, horns 2
a: Berserk, Trog's Hand, Brothers in Arms, Burn Spellbooks, Renounce Religion,
Stop Flying


You were in the Dungeon.
You worshipped Trog.
Trog was extremely pleased with you.
You were very hungry.

You visited 1 branch You collected 1228 gold pieces.
You spent 965 gold pieces at shops.

Inventory:

Hand Weapons
 a - a +0 antimagic battleaxe (weapon)
 o - a +0 hand axe
Missiles
 k - 7 silver tomahawks (quivered)
Armour
 b - a +0 animal skin
 l - a +1 pair of boots of flying (worn)
 m - a +2 chain mail of fire resistance (worn)
Jewellery
 n - an amulet of faith (around neck)
Scrolls
 i - a scroll of blinking
Potions
 e - a potion of heal wounds
 f - a potion of haste
 g - 2 potions of magic
 h - a potion of berserk rage
Comestibles
 c - a bread ration


   Skills:
 + Level 14.2 Fighting
 + Level 15.9 Axes
 + Level 9.3 Armour
 + Level 8.0 Dodging
 + Level 2.9 Stealth


You had 8 spell levels left.
You didn't know any spells.

Dungeon Overview and Level Annotations

Branches:
Dungeon (1/1)

Altars:
Cheibriados
Dithmenos
Elyvilon
Fedhas
Gozag
Hepliaklqana
Kikubaaqudgha
Makhleb
Nemelex Xobeh
Okawaru
Ru
Sif Muna
Trog
Uskayaw
Vehumet
Yredelemnul
Zin
Beogh
Jiyva
Lugonu

Shops:
D ::?(%=!=!}(=*[[:

Annotations:
D exclusions: door and oklob plant, Roxanne


Innate Abilities, Weirdness & Mutations

You reflexively headbutt those who attack you in melee.
You have a pair of horns on your head.


Message History

* * * LOW HITPOINT WARNING * * *
You feel very sick. The death drake bites you!
* * * LOW HITPOINT WARNING * * *
The death drake closely misses you. You furiously retaliate!
You headbutt the death drake!! The death drake breathes miasma at you.
The foul vapour engulfs you!
You are more poisoned.
You feel your flesh rotting away!
You feel as though you will be slow longer.
* * * LOW HITPOINT WARNING * * *
Unknown command.
You slash the swamp drake!
You kill the swamp drake!
Trog accepts your kill.
Your Dodging skill increases to level 8!
You completely miss the death drake. You slice the death drake!!
You are engulfed in dark miasma.
You are more poisoned.
You die...

≈§§≈. e≈.....#
++#+++#####....# ##
.......#..'..^^# .#
##+##..#..####.# .#
#.#.##.####..'.##.#
..#..#....#..#..k#
##.#####..#####§.#
##'###.##..#..§k§#
##.##.###..#.§#k@# #
'.<.'##.'..####§§##.#
##.##...#....###§§.##▓▓
##÷###.##......≈≈≈≈≈≈≈≈≈
#...####≈≈÷..§.≈#+######
..#..#≈≈≈≈≈≈≈..≈#....._.
#.#.##≈≈≈§≈≈≈≈§≈#...._._
##+##≈≈≈§≈≈≈§≈≈§#..._._.
≈ ≈≈≈≈≈§≈≈§§§§§#.._._._


You could see 2 death drakes and a swamp drake.

Vanquished Creatures
  A crystal guardian (D)
  2 hippogriffs (D)
  3 yaks (D)
  A swamp drake (D)
  3 black bears (D)
  4 necrophages (D)
  A crocodile (D)
  4 worker ants (D)
  2 worms (D)
  A spectral bat (D)
  A spectral giant cockroach (D)
23 creatures vanquished.

Vanquished Creatures (others)
  Menkaure (D)
  A crocodile (D)
  A worm (D)
3 creatures vanquished.

Grand Total: 26 creatures vanquished

Notes
Turn   | Place    | Note
-------+----------+-------------------------------------------
     0 | D        | minicreteconcrete the Minotaur Berserker began the quest for the Orb.
     0 | D        | Reached XP level 1. HP: 19/19 MP: 0/0
     1 | D        | Noticed a worker ant
     1 | D        | Noticed a worker ant
     5 | D        | Killed a worker ant
     5 | D        | Reached skill level 5 in Fighting
     5 | D        | Reached skill level 5 in Axes
     5 | D        | Reached XP level 2. HP: 29/29 MP: 1/1
     7 | D        | Reached skill level 6 in Axes
     7 | D        | Reached XP level 3. HP: 37/37 MP: 2/2
    12 | D        | Reached ** piety under Trog
    12 | D        | Reached skill level 7 in Axes
    12 | D        | Reached XP level 4. HP: 45/45 MP: 3/3
    38 | D        | Killed a crocodile
    45 | D        | Killed Menkaure
    72 | D        | Noticed a hippogriff
    72 | D        | Noticed a hippogriff
    77 | D        | Killed a hippogriff
    77 | D        | Reached skill level 10 in Axes
    77 | D        | Reached skill level 5 in Armour
    77 | D        | Reached XP level 5. HP: 58/58 MP: 4/4
    80 | D        | Killed a hippogriff
    80 | D        | Reached skill level 11 in Axes
    80 | D        | Reached skill level 5 in Dodging
    80 | D        | Reached XP level 6. HP: 68/68 MP: 5/5
   135 | D        | Reached *** piety under Trog
   135 | D        | Reached skill level 12 in Axes
   135 | D        | Reached XP level 7. HP: 74/74 MP: 6/6
   141 | D        | Reached skill level 1 in Stealth
   146 | D        | Reached skill level 13 in Axes
   189 | D        | Reached **** piety under Trog
   198 | D        | Received a gift from Trog
   260 | D        | Noticed Roxanne
   306 | D        | Found Ypiugesm's Antique Armour Shop.
   306 | D        | Found Wisigogo's Antique Armour Boutique.
   306 | D        | Found Xunoesk's Book Shop.
   307 | D        | Found Robarask's Antique Weapon Shop.
   307 | D        | Found Veeneh's Jewellery Shop.
   307 | D        | Found Nasoh's General Store.
   308 | D        | Found Sew Osk's Jewellery Shop.
   308 | D        | Found Xuseotte's Distillery.
   308 | D        | Found Beatyeh's Distillery.
   308 | D        | Found Noxoutz's Gadget Shop.
   309 | D        | Found Nato Vij's Food Shop.
   309 | D        | Found Tumuh's Jewellery Boutique.
   309 | D        | Found Veaq's Antique Weapon Boutique.
   310 | D        | Found Weitudey's Magic Scroll Shop.
   310 | D        | Found Teenk's Book Boutique.
   310 | D        | Noticed a fire dragon
   311 | D        | Noticed a wyvern
   313 | D        | Noticed an oklob plant
   313 | D        | Noticed a wyvern
   314 | D        | Found Qophazib's Book Shoppe.
   320 | D        | Noticed a slime creature
   338 | D        | Bought a pair of runed boots for 195 gold pieces
   349 | D        | Bought a shiny chain mail for 210 gold pieces
   364 | D        | Bought an uncursed amulet of faith for 560 gold pieces
   385 | D        | Found a blossoming altar of Fedhas.
   385 | D        | Found an opulent altar of Gozag.
   386 | D        | Found a white marble altar of Elyvilon.
   386 | D        | Found a burning altar of Makhleb.
   386 | D        | Found a sparkling altar of Nemelex Xobeh.
   387 | D        | Found a shadowy altar of Dithmenos.
   387 | D        | Found a corrupted altar of Lugonu.
   387 | D        | Found a hide-covered altar of Uskayaw.
   387 | D        | Found an iron altar of Okawaru.
   387 | D        | Found a radiant altar of Vehumet.
   388 | D        | Found a snail-covered altar of Cheibriados.
   388 | D        | Found an ancient bone altar of Kikubaaqudgha.
   388 | D        | Found a bloodstained altar of Trog.
   388 | D        | Found a glowing silver altar of Zin.
   389 | D        | Found a roughly hewn altar of Beogh.
   389 | D        | Found a viscous altar of Jiyva.
   389 | D        | Found a deep blue altar of Sif Muna.
   389 | D        | Found a basalt altar of Yredelemnul.
   391 | D        | Found a hazy altar of Hepliaklqana.
   391 | D        | Found a sacrificial altar of Ru.
   406 | D        | Reached XP level 8. HP: 81/85 MP: 7/7
   416 | D        | Reached ***** piety under Trog
   416 | D        | Reached skill level 14 in Axes
   473 | D        | Received a gift from Trog
   679 | D        | Noticed a deep elf master archer
   830 | D        | Noticed a crystal guardian
   833 | D        | Noticed a death drake
   834 | D        | Noticed a death drake
   841 | D        | Killed a crystal guardian
   841 | D        | Reached skill level 15 in Axes
   841 | D        | Reached XP level 9. HP: 30/93 MP: 2/8
   842 | D        | HP: 2/138 [death drake/foul vapour (12)]
   843 | D        | Engulfed by a death drake's foul pestilence

Vault maps used:
D:        the_violet_keep_of_menkaure

Skill      XL: |  1  2  3  4  5  6  7  8  9 |
---------------+----------------------------+-----
Fighting       | 5 6 9 11 12 14 | 14.2
Axes           | 5 6 7 10 11 12 13 15 | 15.9
Armour         | 3 5 6 9 |  9.3
Dodging        | 3 4 5 6 7 8 |  8.0
Stealth        | 1 2 |  2.9

Action                   |  1- 3 |  4- 6 |  7- 9 || total
-------------------------+-------+-------+-------++-------
Melee: Hand axe          |     8 |    10 |    62 ||    80
       Headbutt          |       |     3 |    22 ||    25
       Battleaxe         |       |       |    14 ||    14
Invok: Berserk           |     1 |     2 |     2 ||     5
       Trog's Hand       |       |       |     1 ||     1
  Use: Potion            |       |       |     1 ||     1
  Eat: Chunk             |       |       |     3 ||     3
Armor: Animal skin       |     1 |     2 |       ||     3
       Chain mail        |       |       |    28 ||    28
Dodge: Dodged            |     5 |     8 |    30 ||    43

Table legend:
 A = Spawn XP
 B = Non-spawn XP
 C = Spawn XP percentage of total XP
 D = Spawn monster count
 E = Non-spawn monster count
 F = Spawn count percentage of total count
 G = Total turns spent on level
                    A         B        C        D         E        F      G
               +---------+---------+-------+---------+---------+-------+---------
         Total |       0 |    3478 |   0.0 |       0 |      23 |   0.0 |   843
               +---------+---------+-------+---------+---------+-------+---------
             D |       0 |    3478 |   0.0 |       0 |      23 |   0.0 |   843
               +---------+---------+-------+---------+---------+-------+---------
